 Dungeon Crawl Stone Soup version 0.20.1-1-g8b1a95d (webtiles) character file.

297 dmj the Skirmisher (level 6, 0/62 (66) HPs)
             Began as an Ogre Berserker on July 30, 2017.
             Was a Believer of Jiyva.
             Killed by divine providence
             ... invoked by an orc priest
              (13 damage)
             ... on level 4 of the Dungeon.
             The game lasted 00:13:07 (2319 turns).

dmj the Skirmisher (Ogre Berserker)                 Turns: 2319, Time: 00:13:07

HP:   0/62 (66)     AC:  5    Str: 24    XL:     6   Next: 35%
MP:   6/6           EV: 11    Int:  8    God:    Jiyva [**....]
Gold: 65            SH:  0    Dex:  8    Spells: 5/5 levels left

rFire    + . .     SeeInvis .   a - +0 spear
rCold    . . .     Gourm    .   (no shield)
rNeg     + . .     Faith    .   n - +2 robe {rN+}
rPois    .         Spirit   .   (helmet restricted)
rElec    .         Reflect  .   (no cloak)
rCorr    .         Harm     .   (gloves unavailable)
MR       .....                  (boots unavailable)
Stlth    +.........             (no amulet)
Regen    0.2/turn               d - ring of protection from fire
MPRegen  0.1/turn               (no ring)

@: no status effects
A: unfitting armour, tough skin 1
a: Request Jelly, Renounce Religion


You were on level 4 of the Dungeon.
You worshipped Jiyva.
Jiyva was pleased with you.
You were not hungry.

You visited 1 branch of the dungeon, and saw 4 of its levels.

You collected 65 gold pieces.

Inventory:

Hand Weapons
 a - a +0 spear (weapon)
 i - a +0 spear
 m - a +0 scythe
 p - a +1 dagger of speed
Armour
 b - a +0 animal skin
 h - a cursed +0 scale mail
 n - a +2 robe of positive energy (worn)
Jewellery
 d - a ring of protection from fire (left hand)
 l - a cursed ring of teleportation {unknown}
 r - an uncursed ring of resist corrosion {unknown}
Wands
 o - a wand of polymorph (15/24)
Scrolls
 e - 2 scrolls of remove curse
Potions
 g - 2 potions of lignification
 j - 2 potions of flight {unknown}
 k - a potion of resistance {unknown}
 q - a potion of ambrosia {unknown}
Comestibles
 c - 2 bread rations
 f - a royal jelly


   Skills:
 + Level 5.4 Fighting
 + Level 5.0 Polearms
 + Level 4.1 Dodging
 + Level 0.8 Unarmed Combat


You had 5 spell levels left.
You didn't know any spells.

Dungeon Overview and Level Annotations

Branches:
Dungeon (4/15)
 Temple: D:4-7

Altars:
Ashenzari
Dithmenos
Fedhas
Jiyva


Innate Abilities, Weirdness & Mutations

You are too large for most types of armour.
You have tough skin. (AC +1)


Message History

You hit the hound.
The hound is moderately wounded.
The hound bites you.
You closely miss the hound.
The hound is moderately wounded.
The hound bites you.
* * * LOW HITPOINT WARNING * * *
You closely miss the hound.
The hound is moderately wounded.
The hound misses you. The hound bites you.
* * * LOW HITPOINT WARNING * * *
You hit the hound but do no damage.
The hound is moderately wounded.
The hound barely misses you.
You hit the hound.
The hound is severely wounded.
The hound bites you but does no damage.
The orc priest mumbles some strange prayers to Beogh against you.
Beogh smites you!
You die...

... #.##.##.#
....
####.......#
.<..
##.......####
.....#........#
...#$###'###.#
...#.....#.#
#.#.♣.♣.#.#
#.'.._..+.#
#@#.♣.♣.###
#h#.....#
#o###+###


oo# ..## ... .... ..... ...... You could see a hound and 3 orc priests.

Vanquished Creatures
  Sigmund (D:3)
  An orc priest (D:3)
  Ijyb (D:3)
  3 adders
  A leopard gecko (D:3)
  5 orcs
  2 ball pythons (D:3)
  6 bats
  3 giant cockroaches
  4 goblins
  6 hobgoblins
  5 frilled lizards
  4 kobolds
  7 rats
49 creatures vanquished.

Vanquished Creatures (others)
  An adder (D:2)
  A worm (D:2)
  A bat (D:2)
  A hobgoblin (D:2)
  2 kobolds
  A frilled lizard (D:2)
7 creatures vanquished.

Grand Total: 56 creatures vanquished

Notes
Turn   | Place    | Note
-------+----------+-------------------------------------------
     0 | D:1      | dmj the Ogre Berserker began the quest for the Orb.
     0 | D:1      | Reached XP level 1. HP: 24/24 MP: 1/1
   339 | D:1      | Reached XP level 2. HP: 23/32 MP: 2/2
  1117 | D:2      | Found a faded altar of an unknown god.
  1120 | D:2      | Fell from the grace of Trog
  1120 | D:2      | Became a worshipper of Jiyva Jirialau the Shapeless
  1120 | D:2      | Reached * piety under Jiyva
  1343 | D:2      | Found a blossoming altar of Fedhas.
  1361 | D:2      | Reached XP level 3. HP: 36/39 MP: 3/3
  1601 | D:2      | Reached ** piety under Jiyva
  1821 | D:3      | Found a shattered altar of Ashenzari.
  1821 | D:3      | Noticed Sigmund
  1821 | D:3      | Noticed Ijyb
  1828 | D:3      | Killed Sigmund
  1828 | D:3      | Reached skill level 5 in Fighting
  1828 | D:3      | Reached XP level 4. HP: 37/46 MP: 4/4
  1828 | D:3      | Reached XP level 5. HP: 42/53 MP: 5/5
  1832 | D:3      | Killed Ijyb
  1832 | D:3      | Reached XP level 6. HP: 50/62 MP: 6/6
  2199 | D:3      | Reached skill level 5 in Polearms
  2277 | D:4      | Found a shadowy altar of Dithmenos.
  2319 | D:4      | Killed from afar by an orc priest

Skill      XL: |  1  2  3  4  5  6 |
---------------+-------------------+-----
Dodging        | 3 4 |  4.1
Fighting       | 5 |  5.4
Polearms       | 4 5 |  5.0
Unarmed Combat | |  0.8

Action                   |  1- 3 |  4- 6 || total
-------------------------+-------+-------++-------
Melee: Spear             |    98 |    94 ||   192
       Unarmed           |     4 |     7 ||    11
  Use: Scroll            |     3 |     1 ||     4
       Potion            |     1 |       ||     1
  Eat: Meat ration       |     1 |       ||     1
Armor: Animal skin       |    46 |       ||    46
       Skin              |     3 |     3 ||     6
       Robe              |       |    27 ||    27
Dodge: Dodged            |    69 |    64 ||   133
